 Dungeon Crawl Stone Soup version 0.32-a0-768-g0f6f1dd4b9 (webtiles) character file.

Game seed: 5954329904150943772

20196 jerryboi the Skirmisher (level 12, -13/119 HPs)
             Began as a Troll Hunter on Mar 18, 2024.
             Was a Priest of Yredelemnul.
             Mangled by an enormous slime creature (68 damage)
             ... on level 12 of the Dungeon on Mar 19, 2024.
             The game lasted 00:49:38 (9747 turns).

jerryboi the Skirmisher (Troll Hunter)              Turns: 9747, Time: 00:49:39

Health: -13/119    AC:  5    Str: 22    XL:     12   Next: 43%
Magic:  0/12       EV: 10    Int:  5    God:    Yredelemnul [***...]
Gold:   610        SH:  0    Dex: 17    Spells: 11/11 levels left

rFire   . . .        o - +8 storm bow {elec, penet}
rCold   . . .        (shield currently unavailable)
rNeg    . . .        a - +0 troll leather armour
rPois   .            (helmet restricted)
rElec   .            (no cloak)
rCorr   .            (gloves unavailable)
SInv    .            (boots unavailable)
Will    .....        t - amulet of guardian spirit
Stlth   +++          (no ring)
HPRegen 1.99/turn    (no ring)
MPRegen 0.13/turn

%: guardian spirit
@: wreathed by umbra, studying Earth Magic
A: large, unfitting armour, claws 3, regeneration 1, shaggy fur 1, tough skin 1
a: Renounce Religion, Light the Black Torch, Recall Undead Harvest, Hurl
Torchlight


You were on level 12 of the Dungeon.
You worshipped Yredelemnul.
Yredelemnul was noncommittal.
You visited 1 branch of the dungeon, and saw 12 of its levels.
You also visited: Sewer.

You collected 755 gold pieces.
You spent 145 gold pieces at shops.

Inventory:

Hand Weapons
 o - the +8 storm bow (weapon) {elec, penet}
   (You found it in a sewer)
Armour
 a - a +0 troll leather armour (worn)
 c - a +1 robe
Jewellery
 g - a ring of poison resistance
 t - an amulet of guardian spirit (around neck)
Wands
 f - a wand of warping (6)
 h - a wand of paralysis (12)
Scrolls
 d - a scroll of brand weapon
 e - 5 scrolls of identify
 j - a scroll of amnesia {unknown}
Potions
 b - a potion of berserk rage {unknown}
 k - 2 potions of magic
 l - 7 potions of curing
 n - a potion of might {unknown}
 r - a potion of cancellation {unknown}
 s - a potion of resistance {unknown}
 w - a potion of haste {unknown}
 z - a potion of degeneration {unknown}
Miscellaneous
 i - a phial of floods (inert)


   Skills:
 + Level 8.1 Fighting
 + Level 12.2 Ranged Weapons
 + Level 3.7 Armour
 + Level 4.5 Dodging
 + Level 2.4 Stealth
 + Level 1.5 Invocations
 + Level 0.2 Evocations


You had 11 spell levels left.
You didn't know any spells.
Your spell library contained the following spells:

 Spells                   Type           Power      Damage    Failure   Level
 Sandblast                Erth           0%         2d4       52%         1
 Sting                    Conj/Alch      0%         1d3       52%         1
 Stone Arrow              Conj/Erth      0%         3d7       88%         3
 Tukima's Dance           Hex            0%         N/A       88%         3
 Brom's Barrelling Bould  Conj/Erth      0%         2d3       99%         4
 Passage of Golubria      Tloc           0%         N/A       99%         4
 Yara's Violent Unravell  Hex/Alch       0%         3d3       100%        5


Dungeon Overview and Level Annotations

Branches:
Dungeon (12/15)            Temple (0/1) D:6            Lair (0/5) D:10
    Orc (0/2) D:11          Sewer (visited)

Altars:
Cheibriados
Dithmenos
Gozag
Sif Muna
Trog
Xom
Yredelemnul

Shops:
D:6 **

Annotations:
D:10 1 transporter


Innate Abilities, Weirdness & Mutations

You are too large for most types of armour.
You have claws for hands.
Your natural rate of healing is unusually fast.
You are covered in fur. (AC +1)
You have tough skin. (AC +1)


Message History

The arrow pierces through the slime creature.
The slime creature is lightly wounded.
You shoot an arrow.
The arrow pierces through the slime creature!
The slime creature is almost dead.
The arrow pierces through the slime creature!!
The slime creature is moderately wounded.
Two slime creatures merge to form a large slime creature.
You shoot an arrow.
The arrow pierces through the large slime creature.
The large slime creature is almost dead.
The arrow pierces through the slime creature!!
The slime creature is severely wounded.
Two slime creatures merge to form a very large slime creature.
Two slime creatures merge to form an enormous slime creature.
You shoot an arrow.
The arrow pierces through the enormous slime creature!
The enormous slime creature is severely wounded.
You shoot an arrow.
The arrow pierces through the enormous slime creature!!
The enormous slime creature is severely wounded.
The enormous slime creature hits you!!!!
Ouch! That really hurt!
You hear a bellow!
You are too injured to fight recklessly!
You are too injured to fight recklessly!
Unknown command.
You are too injured to fight recklessly!
You are too injured to fight recklessly!
You are too injured to fight recklessly!
Fire: o) +8 storm bow {elec, penet}
Press: ? - help, Shift-Dir - straight line, f/p - enormous slime creature
Aim: an enormous slime creature (severely wounded, ally target, umbra, 88% to hit)
You shoot an arrow.
The arrow pierces through the enormous slime creature!
The enormous slime creature is severely wounded.
The enormous slime creature hits you!!!!
Ouch! That really hurt!
You die...
Your body rises from the dead as a mindless zombie.

### ### #### #..?.+ ..#
Z..# #....# #.# ##.#
#....# #.# ##.### #....#
#.# [....# ....# #.#
####.######### ... #.#
.....Z.##.ZZ.#
#J######.###
.#####Z##Z##Z#
#@#.#......# .#
#.##.##.###Z#.#.##.#.###
#.........ZZ........Z..#
#...........#.#.##.#Z#.#
#.......###.#.#.##.#.#.#
#...~...........##.#Z..#
#.......#...#Z####.#.###
#..~....>...#.# #Z#.#
#......######Z# #Z###


You could see an enormous slime creature (ally target), a friendly slime
creature zombie, a friendly kobold brigand zombie and the friendly Erolcha the
ogre zombie.

Vanquished Creatures
  A war gargoyle (D:11)
  Erolcha (D:12)
  4 two-headed ogres
  A centaur warrior (D:10)
  A boulder beetle (D:11)
  Pikel (D:7)
  An ugly thing (D:11)
  3 gargoyles
  A kobold demonologist (D:12)
  Psyche (D:8)
  2 trolls (D:10)
  A hornet (D:8)
  3 slime creatures (D:12)
  Sigmund (D:6)
  A wraith (D:12)
  2 wyverns (D:9)
  9 yaks
  3 wargs (D:11)
  A basilisk (D:11)
  2 steam dragons
  6 vampire mosquitoes (D:12)
  2 water moccasins
  Duvessa (D:7)
  4 orc warriors
  A sky beast (D:7)
  A black bear (D:4)
  An ice beast (D:6)
  4 wolves (D:10)
  2 centaurs
  A phantom (D:6)
  4 lemures (D:7)
  4 kobold brigands
  A gnoll sergeant (D:8)
  4 bullfrogs
  2 scorpions
  3 wights (D:6)
  Dowan (D:7)
  12 killer bees
  An electric eel (D:10)
  A vampire bat (D:3)
  4 howler monkeys
  2 hounds
  A jelly (D:8)
  2 bombardier beetles
  7 orc priests
  An iguana (D:5)
  3 sleepcaps
  10 orc wizards
  4 gnolls (D:8)
  9 adders
  2 shadow imps
  4 white imps
  4 dart slugs
  3 fire bats (D:3)
  14 orcs
  2 spectral bats (D:3)
  7 ball pythons
  17 bats
  A bat zombie (D:3)
  8 endoplasms
  6 giant cockroaches
  10 goblins
  7 hobgoblins
  4 jackals (D:4)
  3 quokkas
  4 frilled lizards
  25 kobolds
  14 rats
274 creatures vanquished.

Vanquished Creatures (collateral kills)
  Gastronok (D:11)
  2 two-headed ogres
  A cyclops (D:9)
  2 yaks
  A steam dragon (D:8)
  An acid dragon (D:11)
  An ice beast (D:7)
  2 orc warriors (D:11)
  A wolf (D:10)
  Blork the orc (D:4)
  2 kobold brigands
  3 bullfrogs
  A wight (D:10)
  A bat (D:3)
  2 howler monkeys (D:7)
  2 electric eels (D:10)
  2 hounds
  A quasit (D:7)
  2 orc wizards
  Robin (D:4)
  2 gnolls
  2 adders (Sewer)
  A shadow imp (D:5)
  3 dart slugs (Sewer)
  A ribbon worm (D:4)
  7 orcs
  3 ball pythons
  3 bat skeletons (D:3)
  4 endoplasms
  3 giant cockroaches (Sewer)
  2 hobgoblins (D:4)
  A bat simulacrum (D:3)
  8 frilled lizards (Sewer)
  5 goblins
  7 kobolds
  6 rats (D:2)
88 creatures vanquished.

Vanquished Creatures (others)
  A spectral elf (D:10)
  2 two-headed ogre zombies
  A warg zombie (D:11)
  A spectral acid dragon (D:10)
  A wyvern zombie (D:9)
  A human zombie (D:8)
  4 yak zombies (D:11)
  A troll zombie (D:10)
  3 wolf zombies (D:10)
  A black bear zombie (D:4)
  2 bullfrog zombies
  A centaur zombie (D:8)
  5 killer bee zombies
  An ice beast zombie (D:6)
  10 kobold zombies
  3 hound zombies
  3 howler monkey zombies
  A steam dragon zombie (D:8)
  An adder zombie (D:5)
  3 bat zombies
  A fire bat zombie (D:3)
  5 gnoll zombies (D:8)
  3 ball python zombies (Sewer)
  A bombardier beetle zombie (D:4)
  A dart slug zombie (Sewer)
  A frilled lizard zombie (Sewer)
  3 goblin zombies (D:4)
  A hobgoblin zombie (D:2)
  3 jackal zombies (D:4)
  11 orc zombies
  A rat zombie (D:2)
77 creatures vanquished.

Grand Total: 439 creatures vanquished

Notes
Turn   | Place    | Note
-------+----------+-------------------------------------------
     0 | D:1      | jerryboi the Troll Hunter began the quest for the Orb.
     0 | D:1      | Reached XP level 1. HP: 19/19 MP: 0/0
    78 | D:1      | Reached skill level 3 in Ranged Weapons
    86 | D:1      | Reached XP level 2. HP: 27/27 MP: 1/1
   378 | D:1      | Found a faded altar of an unknown god.
   396 | D:1      | Prayed at the altar of an unknown god.
   396 | D:1      | Became a worshipper of Yredelemnul the Fallen
   396 | D:1      | Reached * piety under Yredelemnul
   675 | D:2      | Reached XP level 3. HP: 33/33 MP: 2/2
  1190 | D:2      | Found a basalt altar of Yredelemnul.
  1568 | D:3      | Reached XP level 4. HP: 41/42 MP: 3/3
  1763 | D:3      | Found a snail-covered altar of Cheibriados.
  1763 | D:3      | Found a shadowy altar of Dithmenos.
  2004 | D:3      | Reached skill level 4 in Ranged Weapons
  2004 | D:3      | Reached XP level 5. HP: 48/49 MP: 4/4
  2065 | D:3      | Found a bloodstained altar of Trog.
  2069 | D:3      | Your ally phase bat zombie died
  2097 | D:3      | Found a shimmering blue altar of Sif Muna.
  2103 | D:3      | Got Sif Muna's Folio of Dogma
  2490 | D:4      | Noticed Robin
  2508 | D:4      | Killed Robin
  2516 | D:4      | Reached ** piety under Yredelemnul
  2517 | D:4      | Reached XP level 6. HP: 57/57 MP: 3/5
  2594 | D:4      | Reached skill level 5 in Ranged Weapons
  2827 | D:4      | Reached XP level 7. HP: 58/66 MP: 6/6
  2861 | D:4      | Noticed Blork the orc
  2879 | D:4      | Killed Blork the orc
  3353 | D:5      | Entered Level 5 of the Dungeon
  3419 | D:5      | Found a glowing drain.
  3431 | Sewer    | Entered a sewer
  3472 | Sewer    | Reached *** piety under Yredelemnul
  3629 | Sewer    | Found the +8 storm bow {elec, penet}
  3642 | Sewer    | Reached skill level 1 in Stealth
  3650 | Sewer    | Reached skill level 6 in Ranged Weapons
  3820 | D:5      | Reached XP level 8. HP: 75/75 MP: 7/7
  4345 | D:6      | Found Vacrul's General Store.
  4400 | D:6      | Found a staircase to the Ecumenical Temple.
  4596 | D:6      | Noticed Sigmund
  4599 | D:6      | Killed Sigmund
  4600 | D:6      | Reached skill level 7 in Ranged Weapons
  4774 | D:6      | Reached XP level 9. HP: 84/84 MP: 8/8
  4854 | D:6      | Found Jotac's Assorted Antiques.
  4859 | D:6      | Bought a blackened diamond amulet for 145 gold pieces
  5166 | D:7      | Reached **** piety under Yredelemnul
  5167 | D:7      | Reached skill level 5 in Fighting
  5239 | D:7      | Noticed Pikel
  5241 | D:7      | Killed Pikel
  5242 | D:7      | Reached skill level 8 in Ranged Weapons
  5371 | D:7      | Noticed Duvessa
  5371 | D:7      | Noticed Dowan
  5378 | D:7      | Killed Duvessa
  5382 | D:7      | Killed Dowan
  5853 | D:8      | Reached skill level 9 in Ranged Weapons
  5853 | D:8      | Reached XP level 10. HP: 96/96 MP: 9/9
  5952 | D:8      | Noticed Psyche
  5968 | D:8      | Killed Psyche
  6033 | D:8      | Your ally Psyche died
  6351 | D:8      | Paralysed by a hornet for 3 turns
  6838 | D:9      | Noticed a two-headed ogre
  6851 | D:9      | Killed a two-headed ogre
  7101 | D:9      | Noticed a cyclops
  7107 | D:9      | Killed a cyclops
  7108 | D:9      | Reached skill level 10 in Ranged Weapons
  7391 | D:10     | Entered Level 10 of the Dungeon
  7393 | D:10     | Noticed a two-headed ogre
  7411 | D:10     | Killed a two-headed ogre
  7447 | D:10     | Reached skill level 1 in Invocations
  7447 | D:10     | Reached XP level 11. HP: 107/107 MP: 10/10
  7558 | D:10     | Noticed a two-headed ogre
  7574 | D:10     | Killed a two-headed ogre
  7646 | D:10     | Found a transporter.
  7656 | D:10     | Noticed a deep elf knight
  7673 | D:10     | Killed a deep elf knight
  7673 | D:10     | Bound a deep elf knight
  7674 | D:10     | Noticed a sixfirhy
  7679 | D:10     | Noticed a soul eater
  7824 | D:10     | Noticed a two-headed ogre
  7828 | D:10     | Killed a two-headed ogre
  7883 | D:10     | Found a staircase to the Lair.
  7895 | D:10     | Noticed a centaur warrior
  7902 | D:10     | Killed a centaur warrior
  7903 | D:10     | Reached skill level 1 in Armour
  7926 | D:10     | Found a transporter.
  8238 | D:10     | Found an opulent altar of Gozag.
  8246 | D:10     | Found a shimmering altar of Xom.
  8377 | D:11     | Noticed a purple ugly thing
  8381 | D:11     | Killed a purple ugly thing
  8386 | D:11     | Reached skill level 11 in Ranged Weapons
  8408 | D:11     | Noticed a two-headed ogre
  8425 | D:11     | Killed a two-headed ogre
  8550 | D:11     | Noticed a war gargoyle
  8650 | D:11     | Found the +6 shillelagh "Devastator" {shatter}
  8938 | D:11     | Noticed a boulder beetle
  8945 | D:11     | Killed a boulder beetle
  8957 | D:11     | Noticed Gastronok
  8975 | D:11     | Killed Gastronok
  8976 | D:11     | Reached XP level 12. HP: 118/118 MP: 9/12
  9032 | D:11     | Noticed a two-headed ogre
  9036 | D:11     | Identified the +4 long sword of the End of Times {heavy,
                  | Dex+4}
  9041 | D:11     | Killed a two-headed ogre
  9112 | D:11     | Found a staircase to the Orcish Mines.
  9206 | D:11     | Killed a war gargoyle
  9516 | D:12     | Reached skill level 12 in Ranged Weapons
  9590 | D:12     | Noticed Erolcha
  9599 | D:12     | Killed Erolcha
  9747 | D:12     | Mangled by an enormous slime creature

Illustrated notes

Levels and vault maps discovered:
D:1:      zelgadis_glass_arrival_small, layout_rooms,
          shapermc_ecumenical_altar_mp_highgroup
D:2:      layout_loops_corners, basic_altar, corexii_shack, minmay_rat_hole
D:3:      layout_loops_cross, nzn_overflow_gifts_of_might_and_magic,
          gammafunk_temple_overflow_statue, goddamned_bats
D:4:      layout_loops_corners, uniq_blork_the_orc, uniq_robin
D:5:      layout_basic, cheibrodos_sewer_entry_sluice
D:6:      layout_basic, minmay_temple_entry_statues_fountains, serial_shops,
          kennysheep_little_box, shop, small_statue_intersection, uniq_sigmund
D:7:      layout_loops_cross, serial_demonic, serial_demonic_e,
          serial_demonic_c, serial_demonic_c, serial_demonic_e,
          serial_demonic_c, serial_demonic_b, uniq_pikel, uniq_duvessa
D:8:      layout_gridville, uniq_psyche
D:9:      layout_cave_pools
D:10:     gammafunk_wand_slinger, layout_loops_corners, minitemple,
          erik_lair_island, st_stairs_10
D:11:     minmay_roctagon, layout_long_grid, david_orc_1_choice, uniq_gastronok
D:12:     layout_basic, uniq_erolcha

Skill      XL: |  1  2  3  4  5  6  7  8  9 10 11 12 |
---------------+-------------------------------------+-----
Ranged Weapons | 3 4 5 6 7 9 10 11 12 | 12.2
Fighting       | 2 3 4 5 6 7 8 |  8.1
Dodging        | 2 3 4 |  4.5
Stealth        | 1 2 |  2.4
Invocations    | 1 |  1.5
Armour         | 3 |  3.7
Evocations     | |  0.2

Action                     |  1- 3 |  4- 6 |  7- 9 | 10-12 || total
---------------------------+-------+-------+-------+-------++-------
  Melee: Longbow           |       |       |       |     2 ||     2
   Fire: Shortbow          |   113 |   153 |    89 |       ||   355
         Longbow           |       |       |   128 |   293 ||   421
 Invoke: Light the Black T |     1 |     2 |     3 |     3 ||     9
         Recall Undead Har |       |     1 |       |     1 ||     2
         Bind Soul         |       |       |       |     3 ||     3
         Hurl Torchlight   |       |       |       |     1 ||     1
  Evoke: Phial of floods   |       |       |       |     1 ||     1
    Use: Scroll            |       |    13 |       |    12 ||    25
         Potion            |       |     1 |       |     4 ||     5
 Armour: Robe              |    56 |    87 |    75 |    40 ||   258
         Troll leather arm |       |       |       |   139 ||   139
  Dodge: Dodged            |    49 |    85 |    65 |    95 ||   294

Table legend: (Time is in decaauts)
 A = Elapsed time spent in this place.
 B = Non-inter-level travel time spent in this place.
 C = Inter-level travel time spent in this place.
 D = Time resting spent in this place.
 E = Time spent auto-exploring this place.
 F = Levels seen in this place.
 G = Mean time per level.
                   A        B        C        D        E       F      G
               +--------+--------+--------+--------+--------+-----+--------+
         Total |   9942 |   9547 |    395 |      6 |   7094 |  13 |  764.8 |
       Dungeon |   9572 |   9177 |    395 |      6 |   6961 |  12 |  797.7 |
         Sewer |    370 |    370 |      0 |      0 |    133 |   1 |  370.0 |
               +--------+--------+--------+--------+--------+-----+--------+

Top non-repeatable levels by time:
    D:11: 1080 daAuts
     D:8: 1002 daAuts
    D:10: 999 daAuts
     D:4: 982 daAuts
     D:2: 977 daAuts
     D:3: 904 daAuts
     D:7: 758 daAuts
     D:9: 688 daAuts
     D:6: 682 daAuts
     D:5: 630 daAuts
     D:1: 549 daAuts
   Sewer: 370 daAuts
    D:12: 315 daAuts
